AoeStats
← Javier2191

Black Forest

506571605Analyzed
4v4 RM · 20d ago on Sep 14, 2026· 65m 9s· 8 players
Game mode
Random Map
Map size
Large (8 player)
Population
200
Speed
Normal
Resources
Standard
Victory
Conquest
Starting age
Dark Age
Ending age
Imperial Age
RankedLock teamsTeams togetherTeam positionsShared explorationLock speedFull tech treeHidden civsTurbo modeCheats
Victory
Defeat
🇨🇦 Turks · Canada
926
+15
🇨🇴 Khmer · Colombia
914
+15
🇦🇷 Franks · Argentina
879
+17
🇵🇪 Romans · Peru
837
+18
🇨🇱 Franks · Chile
912
-17
🇨🇱 Celts · Chile
911
-17
🇨🇱 Byzantines · Chile
900
-16
🇨🇱 Bulgarians · Chile
859
-15
GEDIAN
0:28 Loom
18:40 Feudal Age
19:15 Horse Collar
26:39 Castle Age
28:09 Man-at-Arms
29:21 Heavy Plow
29:30 Long Swordsman
31:50 Scale Mail Armor
33:39 Wheelbarrow
37:03 Imperial Age
37:00 Chain Mail Armor
36:49 Caravan
37:40 Hand Cart
39:26 Crop Rotation
39:50 Legionary
40:55 Conscription
41:22 Fletching
42:31 Bodkin Arrow
43:13 Heavy Scorpion
44:01 Ballistas
44:05 Gold Mining
45:27 Husbandry
44:59 Cavalier
46:10 Forging
45:43 Capped Ram
46:48 Scale Barding Armor
47:53 Iron Casting
47:30 Squires
46:52 Pikeman
48:28 Chain Barding Armor
48:07 Double-Bit Axe
48:10 Halberdier
51:23 Comitatenses
51:59 Plate Barding Armor
52:18 Bow Saw
53:10 Blast Furnace
54:35 Chemistry
53:11 Siege Ram
56:31 Bloodlines
57:42 Ballistics
59:22 Murder Holes
61:16 Gold Shaft Mining
64:12 Spies/Treason
TheCreepy
0:49 Loom
13:56 Feudal Age
15:11 Wheelbarrow
21:10 Castle Age
19:59 Stone Mining
19:54 Horse Collar
20:03 Double-Bit Axe
22:15 Hand Cart
23:06 Padded Archer Armor
24:56 Leather Archer Armor
31:35 Imperial Age
31:35 Elite Janissary
42:49 Ring Archer Armor
42:30 Forging
63:43 Spies/Treason
CARLOS5DN
13:42 Feudal Age
20:16 Castle Age
19:33 Double-Bit Axe
19:32 Horse Collar
21:21 Bloodlines
28:00 Tusk Swords
33:34 Fletching
33:45 Padded Archer Armor
35:33 Loom
36:24 Wheelbarrow
36:03 Bow Saw
36:53 Heavy Plow
41:13 Imperial Age
38:32 Town Watch
39:02 Hand Cart
39:06 Forging
39:01 Scale Barding Armor
39:13 Leather Archer Armor
38:53 Bodkin Arrow
39:06 Husbandry
40:54 Iron Casting
41:29 Elite Ballista Elephant
43:36 Blast Furnace
42:56 Chain Barding Armor
43:07 Ring Archer Armor
42:32 Bodkin Arrow
42:56 Elite Battle Elephant
45:02 Double Crossbow
47:22 Ballistics
48:03 Chemistry
49:44 Siege Engineers
49:57 Fortified Wall
50:01 Masonry
50:04 Fortified Wall
51:43 Bracer
52:19 Plate Barding Armor
60:41 Gold Mining
60:41 Stone Mining
61:35 Hoardings
60:34 Sappers
61:25 Conscription
63:14 Spies/Treason
b3rm3
4:16 Loom
12:18 Feudal Age
16:38 Castle Age
16:02 Stone Mining
20:35 Wheelbarrow
21:02 Fervor
25:17 Forging
26:27 Hand Cart
30:27 Fervor
33:39 Imperial Age
32:44 Iron Casting
32:10 Scale Mail Armor
32:15 Scale Barding Armor
32:02 Fletching
32:38 Pikeman
33:19 Squires
33:05 Gambesons
33:06 Arson
39:38 Halberdier
41:22 Blast Furnace
40:38 Chain Mail Armor
40:26 Padded Archer Armor
56:08 Plate Mail Armor
55:59 Chain Barding Armor
55:55 Leather Archer Armor
55:35 Bodkin Arrow
55:18 Elite Skirmisher
55:26 Onager
60:36 Plate Barding Armor
63:08 Spies/Treason
Benjamminnemmann
1:19 Loom
12:16 Feudal Age
12:51 Double-Bit Axe
12:53 Town Watch
18:34 Castle Age
17:27 Gold Mining
18:05 Stone Mining
20:36 Bow Saw
21:08 Fervor
22:18 Wheelbarrow
26:33 Gold Shaft Mining
28:54 Hand Cart
29:22 Caravan
33:14 Imperial Age
32:57 Fletching
33:15 Scale Barding Armor
33:21 Forging
33:15 Husbandry
32:35 Light Cavalry
33:34 Cavalier
35:08 Chain Barding Armor
35:25 Iron Casting
36:32 Plate Barding Armor
37:46 Blast Furnace
38:36 Paladin
39:42 Conscription
39:25 Chivalry
40:50 Fletching
40:23 Elite Skirmisher
43:16 Onager
43:23 Onager
44:09 Bodkin Arrow
44:14 Padded Archer Armor
44:15 Scale Mail Armor
54:26 Ballistics
55:10 Chemistry
54:27 Leather Archer Armor
ellukenguee
1:28 Loom
14:51 Feudal Age
21:39 Castle Age
20:19 Double-Bit Axe
20:17 Horse Collar
20:28 Gold Mining
20:30 Stone Mining
22:42 Heavy Plow
29:00 Coinage
29:21 Fortified Wall
30:47 Ballistics
31:46 Caravan
35:16 Imperial Age
38:06 Cavalier
38:47 Husbandry
39:08 Forging
38:58 Scale Mail Armor
39:03 Scale Barding Armor
43:49 Wheelbarrow
44:20 Light Cavalry
45:44 Iron Casting
45:24 Chain Mail Armor
47:08 Hussar
53:44 Blast Furnace
52:59 Chain Mail Armor
53:40 Chain Barding Armor
Felo
0:31 Loom
14:09 Feudal Age
16:14 Wheelbarrow
15:57 Horse Collar
17:36 Stone Mining
17:43 Gold Mining
19:44 Arson
25:38 Castle Age
25:08 Scale Mail Armor
25:17 Scale Barding Armor
25:56 Forging
26:51 Padded Archer Armor
27:26 Double-Bit Axe
28:46 Gambesons
30:00 Murder Holes
30:23 Chain Mail Armor
30:42 Fervor
30:54 Sanctity
32:09 Caravan
32:27 Pikeman
33:51 Bow Saw
34:25 Stone Shaft Mining
36:34 Hand Cart
36:42 Heavy Plow
36:47 Light Cavalry
42:42 Imperial Age
41:41 Fortified Wall
45:06 Chemistry
43:48 Treadmill Crane
45:44 Conscription
45:24 Greek Fire
45:36 Squires
46:19 Onager
46:45 Halberdier
52:40 Plate Mail Armor
52:47 Iron Casting
53:02 Gold Shaft Mining
56:34 Hoardings
60:41 Two-Man Saw
Javier2191
0:44 Loom
12:57 Feudal Age
19:38 Castle Age
17:51 Double-Bit Axe
17:50 Horse Collar
18:05 Stone Mining
28:10 Padded Archer Armor
28:01 Fletching
29:00 Elite Skirmisher
35:40 Imperial Age
37:30 Leather Archer Armor
37:11 Bodkin Arrow
39:15 Bracer
Connection lost

Rejoining the realm…

Still unreachable

The connection could not be restored.

Session expired

The server has moved on; the page needs a fresh start.